 Dungeon Crawl Stone Soup version 0.30-a0-777-ga9a30cbeda (webtiles) character file.

Game seed: 675989756617150436

1048 Firecrotchwizard the Cleaver (level 8, -3/71 HPs)
             Began as a Hill Orc Monk on Feb 13, 2023.
             Slain by an orc
             ... wielding a +0 flail
              (5 damage)
             ... on level 5 of the Dungeon.
             The game lasted 00:07:48 (3855 turns).

Firecrotchwizard the Cleaver (Hill Orc Monk)        Turns: 3855, Time: 00:07:49

Health: -3/71      AC: 15    Str: 16    XL:     8   Next: 25%
Magic:  8/8        EV: 11    Int: 10    God:
Gold:   136        SH:  0    Dex: 13    Spells: 7/7 levels left

rFire   . . .      SeeInvis +    j - +1 flail (protect)
rCold   . . .      Faith    .    (no shield)
rNeg    . . .      Spirit   .    D - +0 ring mail
rPois   .          Reflect  .    k - +0 helmet
rElec   .          Harm     .    (no cloak)
rCorr   .          Rampage  .    c - +0 pair of gloves
Will    .....                    (no boots)
Stlth   +                        f - amulet of the acrobat
HPRegen 0.31/turn                V - ring of see invisible {sInv, !d}
MPRegen 0.11/turn                (no ring)

@: under a protective aura, studying Fire Magic
A: no striking features
a: no special abilities


You were on level 5 of the Dungeon.
You visited 1 branch of the dungeon, and saw 6 of its levels.

You collected 232 gold pieces.
You spent 96 gold pieces at shops.

Inventory:

Hand Weapons
 a - a +0 hand axe
 i - a +0 dagger of draining
   (You took it off a goblin on level 1 of the Dungeon)
 j - a +1 flail of protection (weapon)
   (You took it off a gnoll on level 1 of the Dungeon)
Missiles
 y - 11 boomerangs
Armour
 b - a +0 robe
 c - a +0 pair of gloves (worn)
   (You found it on level 1 of the Dungeon)
 d - a +0 chain mail
   (You found it on level 1 of the Dungeon)
 k - a +0 helmet (worn)
   (You took it off Robin on level 2 of the Dungeon)
 o - a +0 pair of boots
   (You found it on level 3 of the Dungeon)
 A - the +1 robe of Grot {rCorr Dex+3 SInv}
   (You found it on level 5 of the Dungeon)

   Dex:       It affects your dexterity (+3).
   SInv:      It lets you see invisible.
   rCorr:     It protects you from acid and corrosion.
 D - a +0 ring mail (worn)
   (You found it on level 1 of the Dungeon)
Jewellery
 f - an amulet of the acrobat (around neck)
   (You found it on level 1 of the Dungeon)
 s - a ring of magical power {MP+9}
   (You found it on level 4 of the Dungeon)
 N - a ring of positive energy {rN+}
   (You found it on level 3 of the Dungeon)
 V - a ring of see invisible (left hand) {sInv, !d}
   (You found it on level 5 of the Dungeon)
Wands
 h - a wand of acid (9)
   (You found it on level 5 of the Dungeon)
 p - a wand of paralysis (13)
   (You found it on level 4 of the Dungeon)
Scrolls
 l - 2 scrolls of blinking {unknown}
 n - 2 scrolls of identify {@r1}
 q - a scroll of vulnerability {unknown}
 r - a scroll of magic mapping {unknown}
 t - a scroll of enchant weapon {unknown}
 x - a scroll of noise {unknown}
 z - 2 scrolls of fog {unknown}
 B - a scroll of immolation {unknown}
 C - a scroll of silence {unknown}
 E - a scroll of butterflies {unknown}
 Y - 4 scrolls of teleportation {@r3}
Potions
 e - a potion of resistance {unknown}
 g - 5 potions of curing {unknown}
 m - a potion of degeneration {unknown}
 u - a potion of might {unknown}
 v - a potion of haste {unknown}
 w - 2 potions of flight {unknown}
 G - a potion of ambrosia {!q}


   Skills:
 + Level 6.6 Fighting
 * Level 9.6 Axes
 + Level 4.9 Armour
 - Level 2.4 Dodging
 - Level 1.5 Stealth


You had 7 spell levels left.
You didn't know any spells.
Your spell library contained the following spells:

 Spells                   Type           Power      Damage    Failure   Level
 Ozocubu's Armour         Ice            0%         N/A       90%         3
 Ozocubu's Refrigeration  Ice            0%         4d7       100%        7


Dungeon Overview and Level Annotations

Branches:
Dungeon (6/15)
 Temple: D:4-7

Altars:
Okawaru
Trog
Wu Jian
Yredelemnul

Shops:
D:4 ?


Message History

The orc attacks as you move away! The orc completely misses you.
The orc warrior attacks as you move away!
The orc warrior hits you with a +0 mace.
The adder attacks as you move away! The adder closely misses you.
There is a stone staircase leading up here.
You take 3 damage, and have 55/71 hp.
The adder barely misses you. The adder closely misses you.
The orc closely misses you.
The orc warrior hits you with a +0 mace.
You climb upwards.
There is a stone staircase leading down here.
You take 2 damage, and have 53/71 hp.
You hit the adder.
Your weapon exudes an aura of protection.
The adder misses you. The orc barely misses you.
The orc warrior hits you with a +0 mace!
You take 10 damage, and have 43/71 hp.
You miss the adder. The adder barely misses you. The orc misses you.
The orc warrior closely misses you. The adder closely misses you.
You hit the adder. The adder bites you. The orc hits you but does no damage.
The orc warrior hits you with a +0 mace.
The adder completely misses you.
You take 5 damage, and have 38/71 hp.
You miss the adder. The orc closely misses you.
The orc warrior hits you with a +0 mace.
The adder bites you but does no damage.
You take 5 damage, and have 33/71 hp.
You hit the adder but do no damage. The orc barely misses you.
The adder misses you. The orc warrior closely misses you.
The orc hits you but does no damage. The adder barely misses you.
The orc warrior hits you with a +0 mace.
You take 4 damage, and have 29/71 hp.
You thump the adder!
You kill the adder!
The orc hits you but does no damage.
The orc warrior hits you with a +0 mace.
You hit the orc warrior but do no damage.
The orc hits you with a +0 flail.
The orc warrior hits you with a +0 mace.
You take 5 damage, and have 24/71 hp.
You hit the orc warrior but do no damage.
You punch the orc warrior. The orc hits you but does no damage.
The orc warrior hits you with a +0 mace!
* * * LOW HITPOINT WARNING * * *
You take 9 damage, and have 15/71 hp.
You hit the orc warrior but do no damage.
The orc hits you but does no damage.
The orc warrior hits you with a +0 mace.
* * * LOW HITPOINT WARNING * * *
You take 2 damage, and have 13/71 hp.
You barely miss the orc warrior. The orc barely misses you.
The orc warrior barely misses you.
You hit the orc warrior but do no damage.
The orc hits you with a +0 flail.
* * * LOW HITPOINT WARNING * * *
The orc warrior hits you but does no damage.
You take 3 damage, and have 10/71 hp.
You hit the orc warrior. The orc barely misses you.
The orc warrior hits you but does no damage.
You completely miss the orc warrior. The orc misses you.
The orc warrior hits you but does no damage.
The orc closely misses you.
The orc warrior hits you but does no damage.
You hit the orc warrior but do no damage.
The orc barely misses you.
The orc warrior hits you but does no damage.
You closely miss the orc warrior. The orc hits you but does no damage.
The orc warrior closely misses you.
You hit the orc warrior. The orc barely misses you.
The orc warrior barely misses you.
You barely miss the orc warrior. The orc hits you but does no damage.
The orc warrior hits you with a +0 mace.
* * * LOW HITPOINT WARNING * * *
You take 4 damage, and have 8/71 hp.
You hit the orc warrior. The orc barely misses you.
The orc warrior hits you with a +0 mace.
* * * LOW HITPOINT WARNING * * *
The orc hits you but does no damage.
The orc warrior hits you but does no damage.
You take 5 damage, and have 3/71 hp.
You closely miss the orc warrior. The orc barely misses you.
The orc warrior hits you but does no damage.
You hit the orc warrior but do no damage.
The orc barely misses you.
The orc warrior hits you with a +0 mace.
* * * LOW HITPOINT WARNING * * *
You take 1 damage, and have 2/71 hp.
You hit the orc warrior but do no damage.
The orc hits you but does no damage.
The orc warrior hits you with a +0 mace.
* * * LOW HITPOINT WARNING * * *
You take 1 damage, and have 1/71 hp.
You sock the orc warrior! The orc hits you but does no damage.
The orc warrior barely misses you.
You hit the orc warrior. The orc closely misses you.
The orc warrior closely misses you.
You hit the orc warrior but do no damage.
The orc barely misses you. The orc warrior completely misses you.
You closely miss the orc warrior. The orc hits you with a +0 flail.
You die...

##....#.........##
....#............#
#..####.)###...### ####
#..## #...# #######.##
##..## ....)....###....#
.....##.##.#...#####
.....##........o##.##
................@o..#####
.......###......†..###..#
........##.........#....#
........................#
......))...........)....#
......)).......#####...##
...............# #..##
..............## ####
.#.#....##....#


You could see an orc warrior and an orc.

Vanquished Creatures
  A water moccasin (D:5)
  A black bear (D:4)
  An ice beast (D:5)
  An ogre (D:5)
  A centaur (D:4)
  A necrophage (D:4)
  3 scorpions
  4 hounds
  A jelly (D:5)
  Robin (D:2)
  7 gnolls
  6 adders
  A shadow imp (D:5)
  3 dart slugs
  5 orcs (D:5)
  3 endoplasms
  12 goblins
  5 hobgoblins
  2 jackals (D:3)
  9 kobolds
  6 quokkas
  5 ball pythons
  5 bats
  3 frilled lizards
  4 rats
91 creatures vanquished.

Notes
Turn   | Place    | Note
-------+----------+-------------------------------------------
     0 | D:1      | Firecrotchwizard the Hill Orc Monk began the quest for the
                  | Orb.
     0 | D:1      | Reached XP level 1. HP: 19/19 MP: 1/1
    38 | D:1      | Reached XP level 2. HP: 12/27 MP: 2/2
   403 | D:1      | Reached skill level 1 in Armour
   553 | D:1      | Reached skill level 4 in Fighting
   579 | D:1      | Reached XP level 3. HP: 31/31 MP: 3/3
   582 | D:2      | Noticed Robin
   820 | D:1      | Reached skill level 5 in Axes
   845 | D:1      | HP: 8/32 [gnoll/+1 flail of protection (7)]
   955 | D:2      | Killed Robin
   976 | D:1      | Reached XP level 4. HP: 27/40 MP: 4/4
  1148 | D:3      | Reached skill level 2 in Armour
  1495 | D:3      | Found an iron altar of Okawaru.
  1858 | D:3      | Reached skill level 6 in Axes
  1858 | D:3      | Reached XP level 5. HP: 47/47 MP: 5/5
  2022 | D:4      | Noticed a black bear
  2032 | D:4      | Killed a black bear
  2033 | D:4      | Reached skill level 5 in Fighting
  2033 | D:4      | Reached skill level 7 in Axes
  2033 | D:4      | Reached skill level 3 in Armour
  2033 | D:4      | Reached XP level 6. HP: 56/56 MP: 6/6
  2073 | D:4      | Found Sinaiq's Magic Scroll Emporium.
  2087 | D:4      | Bought a scroll of teleportation for 36 gold pieces
  2087 | D:4      | Bought a scroll of teleportation for 36 gold pieces
  2087 | D:4      | Bought a scroll of identify for 24 gold pieces
  2452 | D:4      | Noticed an orc warrior
  2484 | D:4      | Found a bloodstained altar of Trog.
  2654 | D:5      | Entered Level 5 of the Dungeon
  2712 | D:5      | Reached XP level 7. HP: 61/61 MP: 7/7
  2744 | D:4      | Reached skill level 8 in Axes
  2869 | D:5      | Reached skill level 4 in Armour
  3010 | D:5      | Identified the +1 robe of Grot {rCorr Dex+3 SInv}
  3144 | D:5      | Reached skill level 6 in Fighting
  3312 | D:5      | Found an ornate altar of the Wu Jian Council.
  3355 | D:5      | Reached skill level 9 in Axes
  3355 | D:5      | Reached XP level 8. HP: 59/70 MP: 8/8
  3619 | D:5      | Found a basalt altar of Yredelemnul.
  3838 | D:5      | HP: 15/71 [orc warrior/+0 mace (9)]
  3847 | D:5      | HP: 8/71 [orc warrior/+0 mace (5)]
  3848 | D:5      | HP: 3/71 [orc warrior/+0 mace (5)]
  3851 | D:5      | HP: 1/71 [orc warrior/+0 mace (1)]
  3855 | D:5      | Slain by an orc

Illustrated notes

Levels and vault maps discovered:
D:1:      lordsloth_arrival_two_stooges, layout_rooms, minmay_3d_cube
D:2:      layout_basic, uniq_robin, uniq_crazy_yiuf_cottage, uniq_jessica
D:3:      layout_basic, okawaru_ov_weapons_minmay
D:4:      layout_cave_pools, mainiacjoe_overflow_24_doors, serial_shops,
          nicolae_shop_advertising_works [nicolae_subvault_shop_adworks],
          supply_closet_lemuel, lightli_corner_chamber
D:5:      layout_cave_pools, mainiacjoe_overflow_alcove_4,
          mainiacjoe_overflow_boulevard
D:6:      layout_loops_ring, minmay_temple_entry_gardened_gates,
          lightli_church_of_beogh

Skill      XL: |  1  2  3  4  5  6  7 |
---------------+----------------------+-----
Armour         | 1 2 3 4 |  4.9
Fighting       | 4 5 6 |  6.6
Axes           | 5 6 7 9 |  9.6
Dodging        | |  2.4
Stealth        | |  1.5

Action                     |  1- 3 |  4- 6 |  7- 9 || total
---------------------------+-------+-------+-------++-------
  Melee: Hand axe          |    59 |       |       ||    59
         Dagger            |    54 |       |       ||    54
         Flail             |    13 |   140 |   137 ||   290
         Punch             |       |     4 |     3 ||     7
  Throw: Stone             |     5 |    34 |       ||    39
         Javelin           |       |       |     6 ||     6
  Evoke: Wand              |       |     1 |       ||     1
   Stab: Sleeping          |       |     1 |       ||     1
         Paralysed         |       |     5 |       ||     5
 Armour: Robe              |     9 |       |       ||     9
         Ring mail         |    42 |    78 |   112 ||   232
  Dodge: Dodged            |   115 |   136 |   157 ||   408

Table legend: (Time is in decaauts)
 A = Elapsed time spent in this place.
 B = Non-inter-level travel time spent in this place.
 C = Inter-level travel time spent in this place.
 D = Time resting spent in this place.
 E = Time spent auto-exploring this place.
 F = Levels seen in this place.
 G = Mean time per level.
                   A        B        C        D        E       F      G
               +--------+--------+--------+--------+--------+-----+--------+
         Total |   3941 |   3863 |     78 |    993 |   1985 |   6 |  656.8 |
       Dungeon |   3941 |   3863 |     78 |    993 |   1985 |   6 |  656.8 |
               +--------+--------+--------+--------+--------+-----+--------+

Top non-repeatable levels by time:
     D:5: 1053 daAuts
     D:1: 968 daAuts
     D:4: 929 daAuts
     D:3: 834 daAuts
     D:2: 121 daAuts
     D:6: 34 daAuts

Table legend:
 A = Kills in this place as a percentage of kills in entire the game.
 B = Kills by you in this place as a percentage of kills by you in the entire game.
 C = Kills by friends in this place as a percentage of kills by friends in the entire game.
 D = Other kills in this place as a percentage of other kills in the entire game.
 E = Experience gained in this place as a percentage of experience gained in the entire game.
 F = Experience gained in this place divided by the number of levels of this place that you have seen.
                   A       B       C       D       E      F
               +-------+-------+-------+-------+-------+----------------------
         Total | 100.0 | 100.0 |   N/A |   N/A | 100.0 | 249.7
       Dungeon | 100.0 | 100.0 |   N/A |   N/A | 100.0 | 249.7
               +-------+-------+-------+-------+-------+----------------------
